 Dungeon Crawl Stone Soup version 0.30-a0-365-ge7f957f1db (webtiles) character file.

Game seed: 9241139007283376988

91538 tilp the Black Sun (level 15, -8/115 HPs)
             Began as a Mummy Necromancer on Nov 15, 2022.
             Was a High Priest of Kikubaaqudgha.
             Shot with an arrow by a centaur warrior (10 damage)
             ... on level 14 of the Dungeon on Nov 16, 2022.
             The game lasted 01:06:07 (29516 turns).

tilp the Black Sun (Mummy Necromancer)             Turns: 29516, Time: 01:06:08

Health: -8/115     AC: 15    Str: 19    XL:     15   Next: 55%
Magic:  17/30      EV: 13    Int: 19    God:    Kikubaaqudgha [*****.]
Gold:   868        SH:  0    Dex:  9    Spells: 1/36 levels left

rFire   . . .      SeeInvis +    a - +9 lajatang of Buof {vamp, rElec rN++ Will+ Dex-5}
rCold   + + .      Faith    +    (shield currently unavailable)
rNeg    + + +      Spirit   .    r - +0 steam dragon scales
rPois   ∞          Reflect  .    M - +2 helmet {SInv}
rElec   +          Harm     .    C - +2 cloak {rC+}
rCorr   .          Rampage  .    z - +1 pair of gloves {hurl}
Will    ++...                    t - +0 pair of boots {Fly}
Stlth   ++........               f - amulet of the acrobat
HPRegen 0.39/turn                n - ring of protection from fire
MPRegen 0.22/turn                q - +6 ring of strength

@: flying, studying 2 skills
A: cold resistance 1, negative energy resistance 3, torment resistance 2, heat
vulnerability 1, in touch with death 2, no potions, faith
a: Renounce Religion, Unearth Wretches, Torment


You were on level 14 of the Dungeon.
You worshipped Kikubaaqudgha.
Kikubaaqudgha was extremely pleased with you.
You visited 4 branches of the dungeon, and saw 22 of its levels.
You also visited: Ice Cave.

You collected 2348 gold pieces.
You spent 1480 gold pieces at shops.

Inventory:

Hand Weapons
 a - the +9 lajatang of Buof (weapon) {vamp, rElec rN++ Will+ Dex-5}
   (You took it off an orc on level 7 of the Dungeon)

   It occasionally heals its wielder for a portion of the damage dealt when it
   wounds a living foe.
   Dex:       It affects your dexterity (-5).
   rElec:     It insulates you from electricity.
   rN:        It greatly protects you from negative energy.
   Will:      It increases your willpower.
 b - the +5 short sword "Terott" {elec, rC+ Str+2 Int+2}
   (You found it on level 6 of the Dungeon)

   It occasionally discharges a powerful burst of electricity upon striking a
   foe.
   Str:       It affects your strength (+2).
   Int:       It affects your intelligence (+2).
   rC:        It protects you from cold.
 A - a +2 lajatang of draining
Missiles
 c - 2 atropa-tipped darts
 k - 35 poisoned darts (quivered)
 l - 24 boomerangs
 s - 3 silver boomerangs
 B - 2 javelins
 E - 3 throwing nets
 J - 6 curare-tipped darts
 K - 3 silver javelins
Armour
 r - +0 steam dragon scales (worn)
 t - a +0 pair of boots of flying (worn)
 z - a +1 pair of gloves of hurling (worn)
 C - a +2 cloak of cold resistance (worn)
 M - a +2 helmet of see invisible (worn)
Jewellery
 f - an amulet of the acrobat (around neck)
 n - a ring of protection from fire (left hand)
 q - a +6 ring of strength (right hand)
 v - a +6 ring of strength
 G - a ring of flight
 P - a ring of see invisible
Wands
 x - a wand of iceblast (19)
 D - a wand of paralysis (1)
 F - a wand of mindburst (16)
 H - a wand of quicksilver (2)
 L - a wand of polymorph (8)
Scrolls
 e - 4 scrolls of fear
 g - 5 scrolls of amnesia
 h - a scroll of silence
 i - 10 scrolls of teleportation
 j - 3 scrolls of fog
 m - a scroll of vulnerability
 o - 4 scrolls of summoning
 p - a scroll of magic mapping
 u - 3 scrolls of blinking
 w - 2 scrolls of immolation
 y - a scroll of acquirement
 I - 8 scrolls of poison
Miscellaneous
 d - a piece from Xom's chessboard (15/15)


   Skills:
 + Level 10.2 Fighting
 + Level 6.8(8.7) Polearms
 + Level 8.2(9.4) Staves
 + Level 4.5 Armour
 + Level 6.4 Dodging
 - Level 4.0 Stealth
 - Level 4.0 Shields
 + Level 11.4 Spellcasting
 - Level 6.0 Hexes
 * Level 12.5 Necromancy
 + Level 4.6 Translocations
 - Level 6.0 Ice Magic
 - Level 6.0 Earth Magic
 + Level 6.4 Evocations


You had one spell level left.
You knew the following spells:

 Your Spells              Type           Power      Damage    Failure   Level
a - Necrotise             Necr           100%       1d9       1%          1
b - Vampiric Draining     Necr           93%        2d12      1%          3
c - Animate Dead          Necr           93%        N/A       1%          4
d - Anguish               Hex/Necr       40%        N/A       1%          4
e - Blink                 Tloc           56%        N/A       1%          2
f - Death Channel         Necr           46%        N/A       5%          6
g - Borgnjor's Vile Clut  Necr/Erth      40%        N/A       4%          5
h - Dispel Undead         Necr           93%        3d29      1%          4
i - Simulacrum            Ice/Necr       40%        N/A       22%         6

Your spell library contained the following spells:

 Spells                   Type           Power      Damage    Failure   Level
 Freeze                   Ice            100%       1d10      1%          1
 Kiss of Death            Conj/Necr      100%       2d13      1%          1
 Cigotuvi's Dreadful Rot  Necr/Pois/Air  100%       N/A       1%          2
 Ensorcelled Hibernation  Hex/Ice        66%        N/A       1%          2
 Frozen Ramparts          Ice            66%        1d10      1%          3
 Ozocubu's Armour         Ice            33%        N/A       1%          3
 Agony                    Necr           93%        N/A       1%          5
 Momentum Strike          Conj/Tloc      38%        3d9       3%          2
 Lesser Beckoning         Tloc           56%        N/A       3%          3
 Dazzling Flash           Conj/Hex       44%        N/A       5%          3
 Hailstorm                Conj/Ice       22%        3d7       5%          3
 Inner Flame              Hex/Fire       22%        N/A       5%          3
 Cause Fear               Hex            16%        N/A       5%          4
 Summon Ice Beast         Ice/Summ       22%        N/A       19%         4
 Silence                  Hex/Air        11%        N/A       45%         5
 Summon Mana Viper        Hex/Summ       22%        N/A       45%         5
 Airstrike                Air            5%         2d(1-17)  54%         4
 Summon Lightning Spire   Summ/Air       10%        N/A       54%         4
 Freezing Cloud           Conj/Ice/Air   9%         6-21      61%         5
 Irradiate                Conj/Tmut      5%         3d13      87%         5
 Lightning Bolt           Conj/Air       5%         1d17      87%         5
 Ozocubu's Refrigeration  Ice            16%        4d11      99%         7
 Monstrous Menagerie      Summ           5%         N/A       100%        7
 Discord                  Hex            16%        N/A       100%        8
 Polar Vortex             Ice            16%        N/A       100%        9
 Spider Form              Tmut/Pois      Unusable   N/A       N/A         3
 Blade Hands              Tmut           Unusable   N/A       N/A         5
 Dragon Form              Tmut           Unusable   N/A       N/A         7

Dungeon Overview and Level Annotations

Branches:
Dungeon (14/15)            Temple (1/1) D:7            Lair (5/5) D:11
  Swamp (0/4) Lair:3        Snake (0/4) Lair:3        Slime (0/5) Lair:4
    Orc (2/2) D:12            Elf (0/3) Orc:2        Vaults (0/5) D:13
  IceCv (visited)

Altars:
Ashenzari
Cheibriados
Dithmenos
Fedhas
Gozag
Hepliaklqana
Kikubaaqudgha
Makhleb
Nemelex Xobeh
Okawaru
Qazlal
Ru
Sif Muna
Trog
Uskayaw
Vehumet
Wu Jian
Xom
Yredelemnul
Jiyva

Shops:
D:5 ?   D:8 *   Orc:2 (:*?

Annotations:
D:5 cold/dig vault


Innate Abilities, Weirdness & Mutations

You are immune to poison.
Your flesh is cold resistant. (rC+)
You are immune to negative energy. (rN+++)
You are immune to unholy pain and torment.
You are vulnerable to heat. (rF-)
You are strongly in touch with the powers of death.
You do not drink.
You have a special connection with the divine. (Faith)


Message History

Your centaur zombie misses the vampire mosquito.
Your centaur zombie kicks the vampire mosquito but does no damage.
Your five-headed hydra zombie bites the vampire mosquito!
Your five-headed hydra zombie bites the vampire mosquito.
The vampire mosquito is destroyed!
Kikubaaqudgha accepts your kill.
Unknown command.
Casting: Vampiric Draining (safe; 1% risk of failure)
Confirm with . or Enter, or press ? or * to list all spells.
Aiming: Borgnjor's Vile Clutch (dangerous; 4% risk of failure)
Press: ? - help, Shift-Dir - straight line, f - vampire mosquito
Aim: a vampire mosquito (ally target, 100% to hit)
You feel a strong surge of power!
Zombie hands grab the vampire mosquito.
The zombie hands constrict the vampire mosquito!
A nearby fungus withers and dies.
The vampire mosquito bites you but does no damage.
The centaur warrior shoots an arrow.
The arrow barely misses you. The vampire mosquito bites you.
* * * LOW HITPOINT WARNING * * *
The centaur warrior shoots an arrow.
The arrow hits you.
* * * LOW HITPOINT WARNING * * *
Unknown command.
Unknown command.
The zombie hands constrict the vampire mosquito!
The vampire mosquito completely misses you.
Your centaur zombie hits the vampire mosquito.
The vampire mosquito is destroyed!
Kikubaaqudgha accepts your kill.
The centaur warrior shoots an arrow.
The arrow hits you!
* * * LOW HITPOINT WARNING * * *
Unknown command.
Unknown command.
Aiming: Paralyse
Press: ? - help, Shift-Dir - straight line, f - centaur warrior
Aim: a centaur warrior, wielding a +0 shortbow (ally target, chance to affect: 47%)
The centaur warrior resists with some effort.
The centaur warrior shoots an arrow.
The arrow hits you!
You die...
Kikubaaqudgha rasps: "You have failed me!
Welcome... oblivion!"

..P.8.
######.PP...
#..).....P.PP
#............
####...........
...........c.#
#...)Z)..#
#.....Z[.#
#..@.†Z..#
#####.#### #Z#
#######.#######
.......Z.......
#######.#######
. #.########
..# #.........
#..#
##.#...##..


You could see a centaur warrior (ally target), a friendly five-headed hydra
zombie, a friendly centaur zombie and a friendly centaur warrior zombie.

Vanquished Creatures
  Harold (D:10)
  2 catoblepae
  2 ogre magi (Orc:2)
  An ironbound frostheart (IceCv)
  Erica (D:8)
  5 death yaks
  2 centaur warriors
  6 two-headed ogres (Orc:2)
  Nergalle (D:11)
  Amaemon (D:9)
  Pikel (D:6)
  2 deep elf pyromancers (D:13)
  A moth of wrath (Lair:2)
  Joseph (D:7)
  An ice statue (IceCv)
  3 elephants
  A black mamba (Lair:2)
  An orange demon (D:9)
  4 cane toads
  A rime drake (Lair:4)
  An efreet (D:13)
  2 komodo dragons
  8 polar bears
  3 trolls
  Grinder (D:3)
  Prince Ribbit (D:7)
  5 blink frogs
  8 slime creatures
  A dream sheep (Lair:3)
  Sigmund (D:3)
  A shadow (D:11)
  2 vampires
  5 wraiths
  37 yaks
  2 basilisks (D:13)
  4 wyverns
  3 steam dragons
  A naga (Lair:3)
  A vampire mosquito (D:13)
  Edmund (D:5)
  4 acid dragons
  Duvessa (D:7)
  5 water moccasins
  2 sky beasts (D:7)
  9 orc warriors
  2 ice beasts
  3 black bears
  9 ogres
  19 wolves
  10 centaurs
  8 bullfrogs
  A kobold brigand (D:11)
  A scorpion (D:6)
  3 wights (D:8)
  Dowan (D:7)
  8 killer bees
  An electric eel (Lair:3)
  A howler monkey (D:10)
  7 orc priests
  2 hounds
  3 iguanas
  14 orc wizards
  Robin (D:3)
  5 gnolls
  11 adders
  A shadow imp (D:6)
  A white imp (D:7)
  2 ufetubi (D:6)
  3 worms
  2 dart slugs (D:4)
  46 orcs
  4 bats
  9 endoplasms
  5 giant cockroaches
  10 goblins
  6 hobgoblins
  2 jackals (D:1)
  6 quokkas
  9 ball pythons
  3 frilled lizards
  17 kobolds
  6 rats
  A spectral orc (D:5)
390 creatures vanquished.

Vanquished Creatures (collateral kills)
  The ghost of PaleRider the Grappler, a journeyman TrFi of Ashenzari (Lair:2)
  Josephine (D:10)
  2 hydras
  2 catoblepae (Lair:5)
  3 two-headed ogres (Orc:2)
  An ogre mage (Orc:2)
  4 death yaks
  Sonja (Lair:1)
  An orc sorcerer (Orc:2)
  3 manticores
  2 black mambas
  5 elephants
  5 cane toads
  A rime drake (Lair:5)
  2 komodo dragons
  3 polar bears (IceCv)
  A queen bee (Lair:3)
  A troll (D:13)
  A hornet (D:9)
  7 blink frogs
  2 slime creatures
  6 dream sheep
  23 yaks
  A basilisk (D:12)
  Grum (D:8)
  A wraith (D:10)
  2 vampire mosquitoes (D:14)
  An acid dragon (D:11)
  A water moccasin (Lair:3)
  2 orc warriors
  19 ogres
  5 wolves
  4 centaurs
  A kobold brigand (D:11)
  4 bullfrogs
  7 killer bees
  3 howler monkeys
  An electric eel (Lair:3)
  An orc priest (Orc:2)
  4 orc wizards (Orc:2)
  3 gnolls
  12 orcs
  2 kobolds (D:11)
  A quokka (D:1)
  A ball python (D:2)
155 creatures vanquished.

Vanquished Creatures (others)
  An orc warlord (Orc:2)
  2 fire dragons
  4 vault guards (D:13)
  An ice dragon (D:12)
  3 hydras
  A boulder beetle (Lair:1)
  3 ogre magi
  4 centaur warriors
  An ironbound frostheart (IceCv)
  7 two-headed ogres
  A catoblepas (Lair:5)
  3 tengu warriors
  4 death yaks
  A wizard (D:13)
  A deep elf pyromancer (D:10)
  3 orc knights
  An ugly thing (D:13)
  2 orc sorcerers (Orc:1)
  2 manticores
  A cyclops (Orc:2)
  5 black mambas
  A centaur zombie (D:13)
  Maurice (D:9)
  6 cane toads
  7 rime drakes
  An unseen horror (D:11)
  Maggie (D:9)
  A catoblepas zombie (Lair:5)
  8 komodo dragons
  A hornet (D:9)
  2 polar bears
  A slime creature (D:13)
  6 blink frogs
  3 dream sheep
  5 black mamba zombies
  22 yaks
  A vampire (D:11)
  3 slime creature zombies (D:11)
  6 basilisks
  2 wyverns
  A steam dragon (Lair:2)
  A two-headed ogre zombie (Orc:2)
  An acid dragon (D:10)
  A human zombie (D:13)
  5 cane toad zombies
  3 nagas (Lair:3)
  3 water moccasins
  A black bear (D:10)
  17 orc warriors
  3 dream sheep zombies (Lair:5)
  An ice beast (D:13)
  A manticore zombie (Lair:5)
  7 blink frog zombies
  3 centaurs
  6 wolves
  11 ogres
  A kobold brigand (D:13)
  4 rime drake zombies
  2 komodo dragon zombies
  A cyclops zombie (Orc:2)
  6 bullfrogs
  A wyvern zombie (Lair:5)
  3 water moccasin zombies
  5 wights (D:8)
  3 yak zombies
  12 killer bees
  A howler monkey (D:13)
  2 electric eels (Lair:3)
  6 bullfrog zombies
  A black bear zombie (D:10)
  3 basilisk zombies (Lair:2)
  A gnoll bouda (D:13)
  2 orc priests
  A hound (D:10)
  3 orc wizards (Orc:1)
  11 ogre zombies
  An ice beast zombie (D:13)
  A hound zombie (D:10)
  2 howler monkey zombies
  3 gnolls
  2 adders
  An adder zombie (D:10)
  A worm (D:9)
  A dart slug (D:9)
  18 orcs
  5 gnoll zombies
  2 kobolds (D:11)
  5 kobold zombies (D:11)
  60 orc zombies
  48 fungi
  61 plants
474 creatures vanquished.

Grand Total: 1019 creatures vanquished

Notes
Turn   | Place    | Note
-------+----------+-------------------------------------------
     0 | D:1      | tilp the Mummy Necromancer began the quest for the Orb.
     0 | D:1      | Reached XP level 1. HP: 13/13 MP: 4/4
   254 | D:1      | Reached XP level 2. HP: 17/20 MP: 0/5
   507 | D:1      | Reached skill level 1 in Fighting
   753 | D:1      | Gained mutation: You are in touch with the powers of death.
                  | [Mummy growth]
   753 | D:1      | Reached XP level 3. HP: 25/26 MP: 4/7
  1445 | D:2      | Learned a level 3 spell: Vampiric Draining
  1614 | D:2      | Reached XP level 4. HP: 30/33 MP: 2/8
  2383 | D:3      | You fall into a shaft and drop 2 floors!
  2383 | D:5      | Entered Level 5 of the Dungeon
  2383 | D:5      | Found a broken altar of Ashenzari.
  2531 | D:4      | Learned a level 4 spell: Animate Dead
  2766 | D:4      | Reached XP level 5. HP: 38/38 MP: 3/10
  2868 | D:4      | Found an opulent altar of Gozag.
  3455 | D:4      | Reached skill level 5 in Necromancy
  3536 | D:4      | Reached skill level 1 in Shields
  4047 | D:3      | Noticed Sigmund
  4082 | D:3      | Reached XP level 6. HP: 46/46 MP: 11/11
  4123 | D:3      | Learned a level 4 spell: Anguish
  4202 | D:3      | Noticed Grinder
  4267 | D:3      | Paralysed by Grinder for 5 turns
  4634 | D:3      | Noticed Robin
  4675 | D:3      | Killed Robin
  4832 | D:5      | Found Ygusta's Magic Scroll Shoppe.
  4840 | D:5      | Bought a scroll of identify for 28 gold pieces
  4841 | D:5      | Bought a scroll of teleportation for 42 gold pieces
  4874 | D:5      | Noticed Edmund
  4880 | D:5      | Noticed an ice beast
  4915 | D:5      | Killed an ice beast
  5019 | D:5      | Found a basalt altar of Yredelemnul.
  5429 | D:5      | Reached XP level 7. HP: 52/52 MP: 9/13
  5513 | D:6      | Reached skill level 1 in Hexes
  5713 | D:6      | Reached skill level 6 in Necromancy
  5787 | D:6      | Reached skill level 5 in Spellcasting
  5982 | D:6      | Identified the +5 short sword "Terott" {elec, rC+ Str+2
                  | Int+2}
  6064 | D:6      | Reached XP level 8. HP: 57/60 MP: 4/15
  6330 | D:6      | Noticed Pikel
  6350 | D:6      | Killed Pikel
  6648 | D:7      | Noticed Prince Ribbit
  6667 | D:7      | Killed Prince Ribbit
  6668 | D:7      | Reached skill level 7 in Necromancy
  6747 | D:7      | Noticed Dowan
  6825 | D:7      | Reached XP level 9. HP: 67/67 MP: 10/17
  6888 | D:7      | Learned a level 2 spell: Blink
  6985 | D:7      | Reached skill level 5 in Fighting
  7108 | D:7      | Found a sparkling altar of Nemelex Xobeh.
  7132 | D:7      | Noticed Joseph
  7160 | D:7      | Killed Joseph
  7170 | D:7      | Reached skill level 1 in Translocations
  7526 | D:7      | Identified the +9 lajatang of Buof {vamp, rElec rN++ Will+
                  | Dex-5}
  7716 | D:7      | Found a staircase to the Ecumenical Temple.
  7732 | Temple   | Entered the Ecumenical Temple
  7775 | Temple   | Became a worshipper of Kikubaaqudgha
  7950 | D:7      | Found a burning altar of Makhleb.
  7961 | D:7      | Reached skill level 8 in Necromancy
  8194 | D:7      | Noticed Duvessa
  8202 | D:7      | Killed Duvessa
  8206 | D:7      | Killed Dowan
  8425 | D:8      | Noticed Erica
  8488 | D:8      | Killed Erica
  8660 | D:8      | Reached XP level 10. HP: 67/76 MP: 16/20
  8865 | D:8      | Found Bigeafuy's Profane Products.
  8917 | D:8      | Reached * piety under Kikubaaqudgha
  8917 | D:8      | Received a gift from Kikubaaqudgha
  9016 | D:8      | Reached skill level 1 in Evocations
  9094 | D:8      | Reached skill level 1 in Staves
  9422 | D:8      | Found a radiant altar of Vehumet.
  9756 | D:8      | Noticed Grum
  9768 | D:8      | Killed Grum
 10039 | D:8      | Found a shadowy altar of Dithmenos.
 10284 | D:9      | Noticed Maurice
 10317 | D:9      | Killed Maurice
 10492 | D:9      | Noticed an orange demon
 10506 | D:9      | Killed an orange demon
 10528 | D:9      | Noticed Amaemon
 10540 | D:9      | Killed Amaemon
 10541 | D:9      | Reached skill level 9 in Necromancy
 10780 | D:9      | Noticed Maggie
 11346 | D:10     | Entered Level 10 of the Dungeon
 11422 | D:10     | Noticed Josephine
 11429 | D:10     | Noticed Harold
 11589 | D:10     | Reached skill level 5 in Hexes
 11604 | D:10     | Reached XP level 11. HP: 76/83 MP: 19/23
 11891 | D:10     | Reached ** piety under Kikubaaqudgha
 12326 | D:10     | Found a shimmering blue altar of Sif Muna.
 12423 | D:10     | Killed Harold
 12429 | D:10     | Killed Josephine
 12450 | D:10     | Reached skill level 10 in Necromancy
 13031 | D:11     | Noticed Nergalle
 13033 | D:11     | Found a staircase to the Lair.
 14110 | D:11     | Killed Nergalle
 14111 | D:11     | Reached skill level 1 in Armour
 14346 | D:11     | Reached XP level 12. HP: 91/93 MP: 21/25
 14873 | D:5      | Killed Edmund
 14873 | D:5      | Reached *** piety under Kikubaaqudgha
 14873 | D:5      | Received a gift from Kikubaaqudgha
 14881 | D:5      | Bought a scroll of teleportation for 42 gold pieces
 14881 | D:5      | Bought a scroll of teleportation for 42 gold pieces
 14986 | D:3      | Killed Grinder
 14987 | D:3      | Killed Sigmund
 15040 | D:3      | Found a snail-covered altar of Cheibriados.
 15249 | D:9      | Killed Maggie
 15319 | D:9      | Learned a level 6 spell: Death Channel
 15325 | D:9      | Learned a level 5 spell: Borgnjor's Vile Clutch
 15468 | Lair:1   | Entered Level 1 of the Lair of Beasts
 15468 | Lair:1   | Noticed a boulder beetle
 15487 | Lair:1   | Killed a boulder beetle
 15488 | Lair:1   | Reached skill level 1 in Earth Magic
 15865 | Lair:1   | Identified the +0 leather armour of the World {rPois}
 16171 | Lair:1   | Noticed Sonja
 16176 | Lair:1   | Killed Sonja
 16494 | Lair:1   | Noticed a fire dragon
 16502 | Lair:1   | Killed a fire dragon
 16777 | D:8      | Bought a book of Decay for 420 gold pieces
 16782 | D:8      | Learned a level 4 spell: Dispel Undead
 16970 | Lair:2   | Noticed a catoblepas
 16989 | Lair:2   | Killed a catoblepas
 16990 | Lair:2   | Reached skill level 11 in Necromancy
 17165 | Lair:2   | Reached skill level 5 in Dodging
 17323 | Lair:2   | Noticed an eight-headed hydra
 17323 | Lair:2   | Noticed PaleRider's ghost (journeyman TrFi)
 17334 | Lair:2   | Reached skill level 5 in Staves
 17334 | Lair:2   | Reached skill level 5 in Evocations
 17478 | Lair:2   | Found a transporter.
 17498 | Lair:2   | Reached skill level 10 in Spellcasting
 17548 | Lair:2   | Gained mutation: You are strongly in touch with the powers
                  | of death. [Mummy growth]
 17548 | Lair:2   | Reached XP level 13. HP: 100/100 MP: 23/27
 17941 | Lair:2   | Found a transporter.
 18427 | Lair:3   | Found a staircase to the Snake Pit.
 18850 | Lair:3   | Identified the +4 ring mail of the Burnt God {rN+ Int+4
                  | Dex-4 SInv}
 18988 | Lair:3   | Found a staircase to the Swamp.
 19146 | Lair:3   | Reached **** piety under Kikubaaqudgha
 20135 | Lair:4   | Reached ***** piety under Kikubaaqudgha
 20328 | Lair:4   | Found a viscous altar of Jiyva.
 20328 | Lair:4   | Found a staircase to the Slime Pits.
 20468 | Lair:4   | Reached skill level 12 in Necromancy
 20666 | Lair:4   | Reached skill level 5 in Earth Magic
 21343 | Lair:5   | Entered Level 5 of the Lair of Beasts
 21649 | Lair:5   | Identified the +7 hand axe of the Cursing Dove {spect,
                  | rElec Int+4}
 21846 | Lair:5   | Reached XP level 14. HP: 108/108 MP: 2/28
 22080 | Lair:5   | Reached skill level 10 in Fighting
 23054 | Lair:2   | Killed PaleRider's ghost
 23255 | Lair:2   | Identified the +1 helmet of the Shrike {Dex+2}
 23341 | Lair:2   | Learned a level 6 spell: Simulacrum
 23499 | D:12     | Found a staircase to the Orcish Mines.
 23992 | Orc:1    | Entered Level 1 of the Orcish Mines
 24027 | Orc:1    | Reached skill level 1 in Ice Magic
 24190 | Orc:2    | Entered Level 2 of the Orcish Mines
 24204 | Orc:2    | Found a staircase to the Elven Halls.
 24586 | Orc:2    | Noticed an orc warlord
 24600 | Orc:2    | Killed an orc warlord
 24601 | Orc:2    | Reached skill level 5 in Ice Magic
 25165 | Orc:2    | Reached skill level 1 in Polearms
 25457 | Orc:2    | Found Fusmoag's Antique Weapon Shop.
 25457 | Orc:2    | Found Okus's Assorted Antiques.
 25458 | Orc:2    | Found Fodiunk's Book Shoppe.
 25458 | Orc:2    | Found Onaisups's Magic Scroll Boutique.
 25746 | Orc:2    | Bought a pair of runed boots for 195 gold pieces
 25759 | Orc:2    | Bought a scroll of silence for 142 gold pieces
 25759 | Orc:2    | Bought a scroll of summoning for 142 gold pieces
 25762 | Orc:2    | Bought a scroll of fear for 60 gold pieces
 25762 | Orc:2    | Bought a scroll of magic mapping for 112 gold pieces
 25762 | Orc:2    | Bought a scroll of blinking for 112 gold pieces
 25762 | Orc:2    | Bought a scroll of teleportation for 45 gold pieces
 25861 | Orc:1    | Reached skill level 5 in Polearms
 25863 | Orc:1    | Reached XP level 15. HP: 109/115 MP: 22/30
 26544 | D:5      | Bought a scroll of teleportation for 42 gold pieces
 26544 | D:5      | Bought a scroll of fear for 56 gold pieces
 26730 | D:13     | Found a frozen archway.
 26780 | IceCv    | Entered an ice cave
 27225 | IceCv    | Identified a scroll of acquirement
 29201 | D:13     | Found a gate to the Vaults.
 29206 | D:13     | Upgraded the game from 0.30-a0-364-gf6b3ef1049 to
                  | 0.30-a0-365-ge7f957f1db
 29515 | D:14     | HP: 2/115 [centaur warrior/arrow (13)]
 29516 | D:14     | Shot with an arrow by a centaur warrior

Illustrated notes

Levels and vault maps discovered:
D:1:      dpeg_arrival_round_b, layout_basic
D:2:      layout_basic
D:3:      layout_basic, slow_altar_2, uniq_grinder, uniq_robin, uniq_sigmund
D:4:      layout_basic, mainiacjoe_overflow_six_doors_small, serial_park_tiny_1
D:5:      lemuel_ice_spiral_2, layout_basic, ashenzari_altar_1,
          yredelemnul_forgotten_temple_becter, serial_shops, shop, uniq_edmund
D:6:      layout_loops_ring, uniq_pikel
D:7:      layout_loops_ring, mainiacjoe_overflow_alcove_2,
          nemelex_xobeh_ov_fountains_minmay, temple_doors_e,
          minmay_misc_feat_room, uniq_duvessa, uniq_joseph, uniq_prince_ribbit1
D:8:      layout_loops_ring, nicolae_dithmenos_through_a_glass_darkly,
          nicolae_vehumet_altar_sigil, nicolae_evil_shop, uniq_grum, uniq_erica
D:9:      layout_irregular_city, uniq_maurice, uniq_amaemon, uniq_maggie
D:10:     layout_basic, lemuel_blue_sif_altar, uniq_harold, uniq_josephine
D:11:     layout_basic, david_lair_shrubbed, special_room [special_room_orc],
          uniq_nergalle
D:12:     layout_rooms, orc_0_dummy
D:13:     layout_cave_pods, lightli_vaults_fourway_checkpoint,
          portal_ice_cave_entry_pillars_1
D:14:     hangedman_arrow_trap, layout_rooms, dreamdust_mushroom_princess,
          drop_trap, grunt_qazlal_sundering
Temple:   nicolae_temple_ecumenical_triangle
Lair:1:   dragon1_lemuel, layout_layer_cave, uniq_sonja
Lair:2:   layout_chaotic_city, gammafunk_ghost_berserking_beasts, st_stairs_11
Lair:3:   layout_long_grid, minmay_swamp_entry_eels,
          minmay_snake_entry_guardpost_small, special_room [special_room_bee],
          chequers_serial_rivers_marsh, serial_bayou_shore_b
Lair:4:   layout_layer_cave, dpeg_slime_entry_enclosed
Lair:5:   evilmike_catoblepas_cave, layout_regular_city, st_stairs_12
Orc:1:    layout_diamond_mine
Orc:2:    st_orc_ogre_mass, layout_diamond_mine, basic_altar,
          minmay_orc_barracks

Skill      XL: |  1  2  3  4  5  6  7  8  9 10 11 12 13 14 15 |
---------------+----------------------------------------------+-----
Fighting       | 1 2 3 4 6 8 9 10 | 10.2
Spellcasting   | 3 4 5 7 8 9 10 11 | 11.4
Dodging        | 2 3 4 5 6 |  6.4
Stealth        | 2 3 4 |  4.0
Necromancy     | 5 6 7 8 9 10 11 12 | 12.5
Shields        | 1 2 4 |  4.0
Hexes          | 3 4 5 6 |  6.0
Translocations | 2 3 4 |  4.6
Evocations     | 2 4 5 6 |  6.4
Staves         | 2 4 5 8 |  8.2
Armour         | 1 2 4 |  4.5
Earth Magic    | 3 5 6 |  6.0
Ice Magic      | 6 |  6.0
Polearms       | 5 6 |  6.8

Action                   |  1- 3 |  4- 6 |  7- 9 | 10-12 | 13-15 || total
-------------------------+-------+-------+-------+-------+-------++-------
Melee: Unarmed           |    12 |       |       |       |       ||    12
       Whip              |     4 |   155 |    18 |       |       ||   177
       Short sword       |       |       |    86 |   109 |       ||   195
       Lajatang          |       |       |       |   230 |   407 ||   637
Throw: Stone             |       |       |     3 |       |       ||     3
       Dart              |       |       |    12 |     7 |       ||    19
       Boomerang         |       |       |     1 |       |       ||     1
 Cast: Necrotise         |    68 |   102 |    45 |     5 |       ||   220
       Vampiric Draining |       |     4 |    58 |    59 |    12 ||   133
       Anguish           |       |       |     1 |    72 |   119 ||   192
       Animate Dead      |       |       |       |    17 |    14 ||    31
       Death Channel     |       |       |       |     5 |    37 ||    42
       Borgnjor's Vile C |       |       |       |     4 |    41 ||    45
       Blink             |       |       |       |     1 |       ||     1
       Dispel Undead     |       |       |       |       |     1 ||     1
       Simulacrum        |       |       |       |       |     2 ||     2
Invok: Unearth Wretches  |       |       |       |     8 |    19 ||    27
Evoke: Wand              |       |       |       |     4 |     6 ||    10
  Use: Scroll            |     4 |     5 |     1 |    10 |    10 ||    30
 Stab: Sleeping          |       |     6 |     3 |     1 |     1 ||    11
       Paralysed         |       |       |       |     5 |     5 ||    10
       Distracted        |       |       |       |     3 |     8 ||    11
Armor: Robe              |     9 |    31 |       |       |       ||    40
       Animal skin       |       |    47 |    57 |       |       ||   104
       Steam dragon scal |       |       |    26 |   190 |   200 ||   416
Dodge: Dodged            |    20 |   118 |   108 |   345 |   408 ||   999
Block: Buckler           |     1 |    29 |    29 |    47 |       ||   106

Table legend: (Time is in decaauts)
 A = Elapsed time spent in this place.
 B = Non-inter-level travel time spent in this place.
 C = Inter-level travel time spent in this place.
 D = Time resting spent in this place.
 E = Time spent auto-exploring this place.
 F = Levels seen in this place.
 G = Mean time per level.
                   A        B        C        D        E       F      G
               +--------+--------+--------+--------+--------+-----+--------+
         Total |  29660 |  27283 |   2377 |   2708 |  18777 |  23 | 1289.6 |
       Dungeon |  17825 |  15923 |   1902 |   1490 |  11217 |  14 | 1273.2 |
        Temple |     48 |     43 |      5 |      0 |     31 |   1 |   48.0 |
          Lair |   7763 |   7452 |    311 |    469 |   5473 |   5 | 1552.6 |
  Orcish Mines |   2371 |   2212 |    159 |    306 |   1376 |   2 | 1185.5 |
      Ice Cave |   1651 |   1651 |      0 |    443 |    680 |   1 | 1651.0 |
               +--------+--------+--------+--------+--------+-----+--------+

Top non-repeatable levels by time:
    D:10: 2006 daAuts
  Lair:2: 1914 daAuts
     D:7: 1903 daAuts
     D:8: 1754 daAuts
     D:9: 1675 daAuts
   IceCv: 1651 daAuts
  Lair:4: 1573 daAuts
    D:11: 1567 daAuts
  Lair:5: 1543 daAuts
  Lair:3: 1477 daAuts
     D:4: 1427 daAuts
   Orc:2: 1402 daAuts
     D:2: 1263 daAuts
     D:3: 1256 daAuts
  Lair:1: 1253 daAuts
